AoeStats
← VENÓN | Voy La Darkstorm

Arabia

509285049Analyzed
1v1 RM · 5d ago on Sep 26, 2026· 46m 1s· 2 players
Game mode
Random Map
Map size
Tiny (2 player)
Population
200
Speed
Normal
Resources
Standard
Victory
Conquest
Starting age
Dark Age
Ending age
Imperial Age
RankedLock teamsTeams togetherTeam positionsShared explorationLock speedFull tech treeHidden civsTurbo modeCheats
Victory
Defeat
1793
+15
1773
-15
别问,问就是爱过
6:14 Loom
8:50 Feudal Age
9:32 Double-Bit Axe
20:35 Castle Age
18:27 Horse Collar
21:18 Wheelbarrow
20:47 Fletching
20:58 Padded Archer Armor
21:09 Bloodlines
21:23 Bodkin Arrow
21:39 Bow Saw
23:49 Husbandry
24:12 Padded Archer Armor
24:10 Town Watch
26:51 Heavy Plow
27:14 Hand Cart
28:40 Ballistics
35:43 Leather Archer Armor
38:00 Gold Mining
40:33 Stone Mining
44:05 Imperial Age
41:00 Elite Skirmisher
43:48 Thumb Ring
44:47 Bracer
44:56 Recurve Bow
45:59 Chemistry
VENÓN | Voy La Darkstorm
6:20 Loom
8:43 Feudal Age
12:27 Town Watch
14:04 Man-at-Arms
15:17 Bloodlines
18:33 Double-Bit Axe
22:48 Castle Age
20:53 Horse Collar
22:20 Fletching
22:37 Padded Archer Armor
22:32 Gold Mining
24:06 Bow Saw
24:04 Bodkin Arrow
24:22 Husbandry
26:00 Ballistics
31:52 Wheelbarrow
32:11 Stone Mining
33:28 Elite Skirmisher
35:11 Hand Cart
40:25 Imperial Age
38:11 Scale Barding Armor
38:16 Forging
38:42 Light Cavalry
38:48 Vendel Legacy
40:05 Chain Barding Armor
41:28 Iron Casting
40:36 Cavalier
43:38 Plate Barding Armor
44:14 Bracer
45:11 Leather Archer Armor
Connection lost

Rejoining the realm…

Still unreachable

The connection could not be restored.

Session expired

The server has moved on; the page needs a fresh start.